 Dungeon Sprint DCSS version 0.29.1-15-g9cfb28693d (webtiles) character file.

Game seed: 16477097047186479256

457 Groucho the Blocker (level 7, -1/50 HPs)
             Began as a Gargoyle Fighter on Apr 6, 2023.
             Was an Initiate of Cheibriados.
             Slain by a wyvern (12 damage)
             ... in the Dungeon (Sprint IX: "|||||||||||||||||||||||||||||").
             The game lasted 00:01:17 (157 turns).

Groucho the Blocker (Gargoyle Fighter)               Turns: 157, Time: 00:01:18

Health: -1/50      AC: 19    Str: 20    XL:     7   Next: 6%
Magic:  6/9        EV:  7    Int: 10    God:    Cheibriados [......]
Gold:   0          SH:  7    Dex: 18    Spells: 6/6 levels left

rFire   . . .      SeeInvis .   n - +1 broad axe (vorpal)
rCold   + . .      Faith    .   c - +0 buckler
rNeg    + . .      Spirit   .   p - +1 chain mail {rC+}
rPois   ∞          Reflect  .   o - +0 helmet
rElec   +          Harm     .   (no cloak)
rCorr   .          Rampage  .   (no gloves)
Will    .....      NoTele   +   a - +0 pair of boots
Stlth   ..........              (no amulet)
HPRegen 0.16/turn               b - +3 ring of dexterity
MPRegen 0.11/turn               q - +3 ring of dexterity

@: very slow
A: sickness immunity, AC +4, negative energy resistance 1, electricity
resistance, torment resistance 1, petrification resistance
a: Renounce Religion


You were in the Dungeon.
You worshipped Cheibriados.
Cheibriados was noncommittal.
You visited 1 branch

Inventory:

Hand Weapons
 n - a +1 vorpal broad axe (weapon)
Armour
 a - a +0 pair of boots (worn)
 c - a +0 buckler (worn)
 o - a +0 helmet (worn)
 p - a +1 chain mail of cold resistance (worn)
Jewellery
 b - a +3 ring of dexterity (left hand)
 q - a +3 ring of dexterity (right hand)
Wands
 m - a wand of light (10)
Scrolls
 j - 2 scrolls of blinking
 l - 2 scrolls of amnesia
Potions
 d - a potion of might
 e - 5 potions of curing
 f - a potion of invisibility
 g - a potion of haste
 h - 4 potions of magic
 i - a potion of berserk rage
 k - 2 potions of heal wounds


   Skills:
 + Level 8.5 Fighting
 + Level 6.7 Axes
 + Level 8.5 Armour
 + Level 8.5 Shields
 + Level 2.8 Invocations


You had 6 spell levels left.
You didn't know any spells.
Your spell library was empty.

Dungeon Overview and Level Annotations

Branches:
Dungeon (1/1)

Altars:
Cheibriados
Dithmenos
Elyvilon
Fedhas
Gozag
Hepliaklqana
Kikubaaqudgha
Makhleb
Nemelex Xobeh
Okawaru
Qazlal
Ru
Sif Muna
Trog
Uskayaw
Vehumet
Wu Jian
Xom
Yredelemnul
Zin
The Shining One
Jiyva
Lugonu


Innate Abilities, Weirdness & Mutations

You are immune to sickness and miasma.
Your stone body is resilient. (AC +4)
You are immune to poison.
You resist negative energy. (rN+)
You are resistant to electric shocks. (rElec)
You are resistant to unholy torment.
You are immune to petrification.


Message History

The yak is severely wounded.
The yak gores you! You block the yak's attack.
You barely miss the yak.
The yak is severely wounded.
The yak gores you but does no damage.
You slash the yak!
The yak is almost dead.
The yak gores you but does no damage.
You barely miss the yak.
The yak is almost dead.
You block the yak's attack. The yak gores you but does no damage.
You slash the yak!
You kill the yak!
Cheibriados appreciates the change of pace.
You block the wyvern's attack.
Your Fighting skill increases to level 8!
Your Armour skill increases to level 8!
Your Shields skill increases to level 8!
Your Invocations skill gained 2 levels and is now at level 2!
You have reached level 7!
Unknown command.
You closely miss the wyvern. The wyvern bites you.
The wyvern bites you but does no damage.
You hit the wyvern.
The wyvern is moderately wounded.
The wyvern bites you but does no damage. x2
You closely miss the wyvern.
The wyvern is moderately wounded.
The wyvern hisses menacingly.
The wyvern bites you but does no damage.
The wyvern barely misses you.
You closely miss the wyvern.
The wyvern is moderately wounded.
The wyvern barely misses you. x2
You hit the wyvern but do no damage.
The wyvern is moderately wounded.
The wyvern bites you!
* * * LOW HITPOINT WARNING * * *
The wyvern bites you!
You die... ▓▓▓▓▓▓▓▓▓▓▓▓▓▓▓▓▓▓▓▓▓▓▓▓ ...oYYl@.[...)..'_______ ▓▓▓▓▓▓▓▓▓▓▓▓▓▓▓▓▓▓▓▓▓▓▓▓

You could see 2 yaks, an orc warrior and a wyvern.

Vanquished Creatures
  2 yaks (D)
  An ogre (D)
  A phantom (D)
  An adder (D)
  2 orcs (D)
  An endoplasm (D)
  A goblin (D)
  A ball python (D)
  A bat (D)
  A rat (D)
12 creatures vanquished.

Notes
Turn   | Place    | Note
-------+----------+-------------------------------------------
     0 | D        | Groucho the Gargoyle Fighter began the quest for the Orb.
     0 | D        | Reached XP level 1. HP: 14/14 MP: 1/1
    25 | D        | Noticed a phantom
    25 | D        | Noticed an ogre
    28 | D        | Reached XP level 2. HP: 17/20 MP: 2/2
    41 | D        | Killed an ogre
    42 | D        | Reached skill level 5 in Fighting
    42 | D        | Reached skill level 5 in Armour
    42 | D        | Reached skill level 5 in Shields
    42 | D        | Reached XP level 3. HP: 27/27 MP: 3/3
    42 | D        | Reached XP level 4. HP: 32/32 MP: 4/4
    55 | D        | Killed a phantom
    56 | D        | Reached skill level 5 in Axes
    56 | D        | Reached XP level 5. HP: 34/37 MP: 5/5
    65 | D        | Found a snail-covered altar of Cheibriados.
    65 | D        | Found a shadowy altar of Dithmenos.
    65 | D        | Found a white marble altar of Elyvilon.
    65 | D        | Found a blossoming altar of Fedhas.
    65 | D        | Found an opulent altar of Gozag.
    66 | D        | Found a hazy altar of Hepliaklqana.
    67 | D        | Found a viscous altar of Jiyva.
    68 | D        | Found an ancient bone altar of Kikubaaqudgha.
    69 | D        | Became a worshipper of Cheibriados the Contemplative
    70 | D        | Found a corrupted altar of Lugonu.
    71 | D        | Found a burning altar of Makhleb.
    72 | D        | Found a sparkling altar of Nemelex Xobeh.
    73 | D        | Found an iron altar of Okawaru.
    74 | D        | Found a stormy altar of Qazlal.
    75 | D        | Found a sacrificial altar of Ru.
    76 | D        | Found a shimmering blue altar of Sif Muna.
    77 | D        | Found a bloodstained altar of Trog.
    78 | D        | Found a hide-covered altar of Uskayaw.
    79 | D        | Found a radiant altar of Vehumet.
    80 | D        | Found an ornate altar of the Wu Jian Council.
    81 | D        | Found a shimmering altar of Xom.
    82 | D        | Found a basalt altar of Yredelemnul.
    83 | D        | Found a glowing silver altar of Zin.
    84 | D        | Found a glowing golden altar of the Shining One.
   137 | D        | Noticed an orc warrior
   137 | D        | Noticed a yak
   137 | D        | Noticed a yak
   137 | D        | Noticed a wyvern
   137 | D        | Noticed a yak
   137 | D        | Noticed a yak
   143 | D        | Killed a yak
   144 | D        | Reached XP level 6. HP: 42/44 MP: 6/6
   152 | D        | Killed a yak
   153 | D        | Reached XP level 7. HP: 30/50 MP: 6/9
   157 | D        | Slain by a wyvern

Illustrated notes

Levels and vault maps discovered:
D:        linesprint [early_d, line_temple, items_1, d_10, items_2, lair_1,
          lair_end, items_3, orc_1, orc_end, items_4, d_15, swamp_1, shoals_1,
          snake_1, spider_1, d_20, vaults_1, items_5, swamp_end, shoals_end,
          snake_end, spider_end, vaults_end, d_27, items_6, zot_1, zot_end,
          crypt_end, forest_end, elf_end, slime_end, tomb_end, abyss_end,
          pan_hell_end]

Skill      XL: |  1  2  3  4  5  6 |
---------------+-------------------+-----
Axes           | 2 4 5 6 |  6.7
Fighting       | 5 6 7 8 |  8.5
Armour         | 5 6 7 8 |  8.5
Shields        | 5 6 7 8 |  8.5
Invocations    | 2 |  2.8

Action                   |  1- 3 |  4- 6 |  7- 9 || total
-------------------------+-------+-------+-------++-------
Melee: War axe           |    30 |    17 |       ||    47
       Broad axe         |       |    15 |     5 ||    20
  Use: Potion            |     1 |       |       ||     1
Armor: Scale mail        |    15 |    11 |       ||    26
       Chain mail        |       |     8 |     4 ||    12
Dodge: Dodged            |    11 |    10 |     3 ||    24
Block: Buckler           |     5 |     8 |       ||    13
